 Dungeon Crawl Stone Soup version 0.29-a0-813-g4a14ea37d6 (webtiles) character file.

Game seed: 2151844230310363288

149 avis the Chiller (level 4, -5/38 HPs)
             Began as a Demigod Ice Elementalist on July 4, 2022.
             Killed from afar by a steam dragon (8 damage)
             ... with a ball of steam
             ... on level 4 of the Dungeon.
             The game lasted 00:18:34 (4067 turns).

avis the Chiller (Demigod Ice Elementalist)         Turns: 4067, Time: 00:18:35

Health: -5/38      AC:  2    Str:  9    XL:     4   Next: 82%
Magic:  1/9        EV: 12    Int: 17    God:
Gold:   5          SH:  0    Dex: 18    Spells: 3/7 levels left

rFire   . . .      SeeInvis .   b - +0 dagger
rCold   . . .      Faith    .   (no shield)
rNeg    . . .      Spirit   .   f - +0 robe
rPois   .          Reflect  .   (no helmet)
rElec   .          Harm     .   (no cloak)
rCorr   .          Rampage  .   (no gloves)
Will    .....                   (no boots)
Stlth   ++........              (no amulet)
HPRegen 0.12/turn               d - ring of wizardry
MPRegen 0.11/turn               (no ring)

@: no status effects
A: high MP 1, forlorn, divine attributes
a: no special abilities


You were on level 4 of the Dungeon.
You visited 1 branch of the dungeon, and saw 4 of its levels.

You collected 161 gold pieces.
You spent 156 gold pieces at shops.

Inventory:

Hand Weapons
 a - a +0 sling
 b - a +0 dagger (weapon)
Armour
 f - a +0 robe (worn)
Jewellery
 d - a ring of wizardry (left hand)
Scrolls
 c - 4 scrolls of magic mapping {unknown}
 j - a scroll of fear {unknown}
 l - 3 scrolls of identify {unknown}
 m - a scroll of torment {unknown}
 q - a scroll of teleportation {unknown}
 r - a scroll of poison {unknown}
 s - 2 scrolls of fog {unknown}
 t - 2 scrolls of vulnerability {unknown}
 u - a scroll of enchant armour {unknown}
Potions
 e - a potion of degeneration
 g - 2 potions of flight
 h - a potion of heal wounds
 i - 3 potions of curing
 k - a potion of invisibility {unknown}
 n - a potion of magic
 o - a potion of mutation {unknown}
 p - a potion of might {unknown}


   Skills:
 - Level 3.0 Fighting
 - Level 1.7 Dodging
 - Level 1.7 Stealth
 - Level 2.0 Spellcasting
 * Level 4.7 Ice Magic


You had 3 spell levels left.
You knew the following spells:

 Your Spells              Type           Power      Damage    Failure   Level
a - Freeze                Ice            68%        1d8       1%          1
o - Ozocubu's Armour      Ice            17%        N/A       3%          3

Your spell library contained the following spells:

 Spells                   Type           Power      Damage    Failure   Level
 Frozen Ramparts          Ice            34%        1d5       3%          3
 Gell's Gravitas          Tloc           1%         N/A       22%         3
 Teleport Other           Tloc           1%         N/A       22%         3
 Hailstorm                Conj/Ice       9%         3d4       28%         4
 Dispersal                Tloc           0%         N/A       100%        6


Dungeon Overview and Level Annotations

Branches:
Dungeon (4/15)
 Temple: D:4-7

Shops:
D:1 !

Annotations:
D:2 1 runed translucent door, exclusion: door, Crazy Yiuf


Innate Abilities, Weirdness & Mutations

You have an increased reservoir of magic. (+10% MP)
You shall have no god before yourself.
Your divine heritage dramatically boosts your attributes as you level up.


Message History

The steam dragon bites you but does no damage.
The steam dragon barely misses you.
Casting: Freeze (safe; 1% risk of failure)
Confirm with . or Enter, or press ? or * to list all spells.
Aiming: Freeze (safe; 1% risk of failure)
Press: ? - help, Shift-Dir - straight line, f/p - steam dragon
Aim: a steam dragon (heavily wounded)
You freeze the steam dragon.
The steam dragon is heavily wounded.
The steam dragon breathes steam at you. The ball of steam hits you!
The heat melts your icy armour.
Casting: Freeze (safe; 1% risk of failure)
Confirm with . or Enter, or press ? or * to list all spells.
Aiming: Freeze (safe; 1% risk of failure)
Press: ? - help, Shift-Dir - straight line, f/p - steam dragon
Aim: a steam dragon (heavily wounded, catching its breath)
You freeze the steam dragon.
The steam dragon is severely wounded.
You are engulfed in a cloud of scalding steam.
The steam dragon closely misses you. The steam dragon completely misses you.
The heat melts your icy armour.
b - a +0 dagger (weapon)
You hit the steam dragon but do no damage.
The steam dragon is severely wounded.
The steam dragon bites you but does no damage.
The steam dragon misses you.
You hit the steam dragon but do no damage.
The steam dragon is severely wounded.
The steam dragon breathes steam at you. The ball of steam hits you.
Your icy armour melts away.
Unknown command.
You barely miss the steam dragon.
The steam dragon is severely wounded.
You are engulfed in a cloud of scalding steam.
* * * LOW HITPOINT WARNING * * *
The steam dragon breathes steam at you. The ball of steam hits you!
You die...

# .# ####### ..#
#.....# ...#
#.##§##....##
#..#§@D......
##.####......
#.#### .....
#....#
....#########
####.#
####....^...
#.########.#######
#........#.#...#
########.#...<.#
###.).....#


You could see a steam dragon (catching breath).

Vanquished Creatures
  3 gnolls (D:3)
  3 adders
  2 worms (D:3)
  2 dart slugs (D:1)
  2 orcs
  8 endoplasms
  8 giant cockroaches
  3 goblins
  4 hobgoblins
  2 jackals (D:2)
  3 kobolds
  6 quokkas
  4 ball pythons
  8 bats
  4 frilled lizards
  24 rats
86 creatures vanquished.

Vanquished Creatures (others)
  2 plants (D:3)
2 creatures vanquished.

Grand Total: 88 creatures vanquished

Notes
Turn   | Place    | Note
-------+----------+-------------------------------------------
     0 | D:1      | avis the Demigod Ice Elementalist began the quest for the
                  | Orb.
     0 | D:1      | Reached XP level 1. HP: 14/14 MP: 5/5
    27 | D:1      | Found Dibee's Distillery.
    52 | D:1      | Reached skill level 1 in Fighting
    84 | D:1      | Bought a potion of degeneration for 13 gold pieces
   173 | D:1      | Reached XP level 2. HP: 16/23 MP: 1/7
  1002 | D:1      | Bought a potion of heal wounds for 65 gold pieces
  1025 | D:2      | Reached XP level 3. HP: 27/29 MP: 2/8
  1029 | D:2      | Learned a level 3 spell: Ozocubu's Armour
  1058 | D:2      | Reached skill level 4 in Ice Magic
  2329 | D:2      | Found a runed translucent door.
  2330 | D:2      | Noticed Crazy Yiuf
  2405 | D:2      | Reached XP level 4. HP: 37/38 MP: 9/9
  2594 | D:1      | Bought a potion of curing for 39 gold pieces
  3750 | D:1      | Bought a potion of flight for 39 gold pieces
  4055 | D:4      | Noticed a steam dragon
  4067 | D:4      | Killed from afar by a steam dragon

Illustrated notes

Levels and vault maps discovered:
D:1:      tarquinn_simple_flora_water_a, layout_basic, serial_shops,
          nicolae_square_shop, hellmonk_ecumenical_altar_pennies_from_heaven
D:2:      layout_loops_ring, minmay_tree_intersection, minmay_hedge_maze,
          grunt_ministairs_6, minmay_rat_hole, uniq_crazy_yiuf_cottage
D:3:      layout_loops_cross, fedhas_ov_isle_minmay,
          gammafunk_temple_overflow_statue
D:4:      layout_basic, grunt_decor_fettered

Skill      XL: |  1  2  3 |
---------------+----------+-----
Fighting       | 1 2 3 |  3.0
Spellcasting   | 2 |  2.0
Ice Magic      | 4 |  4.7
Dodging        | |  1.7
Stealth        | |  1.7

Action                   |  1- 3 |  4- 6 || total
-------------------------+-------+-------++-------
Melee: Unarmed           |     5 |       ||     5
       Dagger            |    67 |     3 ||    70
 Fire: Sling             |    33 |    66 ||    99
 Cast: Freeze            |    49 |    16 ||    65
       Ozocubu's Armour  |     2 |     2 ||     4
  Use: Potion            |       |     1 ||     1
 Stab: Sleeping          |     3 |       ||     3
Armor: Robe              |    32 |    12 ||    44
Dodge: Dodged            |    76 |    27 ||   103

Table legend: (Time is in decaauts)
 A = Elapsed time spent in this place.
 B = Non-inter-level travel time spent in this place.
 C = Inter-level travel time spent in this place.
 D = Time resting spent in this place.
 E = Time spent auto-exploring this place.
 F = Levels seen in this place.
 G = Mean time per level.
                   A        B        C        D        E       F      G
               +--------+--------+--------+--------+--------+-----+--------+
         Total |   4116 |   3431 |    685 |   1107 |   1574 |   4 | 1029.0 |
       Dungeon |   4116 |   3431 |    685 |   1107 |   1574 |   4 | 1029.0 |
               +--------+--------+--------+--------+--------+-----+--------+

Top non-repeatable levels by time:
     D:2: 1611 daAuts
     D:1: 1213 daAuts
     D:3: 1183 daAuts
     D:4: 108 daAuts
